 Dungeon Crawl Stone Soup version 0.31-a0-182-gc5ef74bbde (webtiles) character file.

Game seed: 2232618496697155894

4942 ders the Destroyer (level 10, -23/50 HPs)
             Began as a Gargoyle Earth Elementalist on June 15, 2023.
             Was a Believer of Vehumet.
             Annihilated by a death knight
             ... wielding a +0 halberd
              (30 damage)
             ... on level 8 of the Dungeon on June 21, 2023.
             The game lasted 00:12:38 (10223 turns).

ders the Destroyer (Gargoyle Earth Elementalist)   Turns: 10223, Time: 00:12:39

Health: -23/50     AC: 11    Str: 12    XL:     10   Next: 52%
Magic:  8/20       EV: 11    Int: 26    God:    Vehumet [**....]
Gold:   495        SH:  0    Dex:  8    Spells: 4/23 levels left

rFire   . . .        A - staff of cold
rCold   + . .        i - crystal ball of Wucad Mu {*channel}
rNeg    + . .        a - +0 robe
rPois   ∞            (no helmet)
rElec   +            (no cloak)
rCorr   .            j - +0 pair of gloves
SInv    .            u - +0 pair of boots
Will    +....        I - amulet of the acrobat
Stlth   ++           y - +6 ring of intelligence
HPRegen 0.28/turn    z - ring of wizardry
MPRegen 0.17/turn

%: acrobat, wizardry (x1), channel magic (40%)
@: no status effects
A: sickness immunity, AC +7, negative energy resistance 1, electricity
resistance, torment resistance 1, petrification resistance, clumsy 1,
strong-willed 1
a: Renounce Religion


You were on level 8 of the Dungeon.
You worshipped Vehumet.
Vehumet was pleased with you.
You visited 1 branch of the dungeon, and saw 8 of its levels.

You collected 495 gold pieces.

Inventory:

Missiles
 e - 2 throwing nets
Armour
 a - a +0 robe (worn)
 i - the crystal ball of Wucad Mu (worn) {*channel}
   (You found it on level 8 of the Dungeon)

   *Channel:  It often returns the magic spent to cast spells, but lowers their
   success rate.
   It always returns the magic spent on miscasts.
 j - a +0 pair of gloves (worn)
 u - a +0 pair of boots (worn)
Magical Staves
 A - a staff of cold (weapon)
Jewellery
 k - a ring of ice
 q - a +4 ring of slaying
 s - a ring of see invisible
 y - a +6 ring of intelligence (left hand)
 z - a ring of wizardry (right hand)
 E - an amulet of faith
 F - a ring of protection from cold
 I - an amulet of the acrobat (around neck)
Wands
 v - a wand of digging (7)
Scrolls
 b - a scroll of summoning {unknown}
 f - 2 scrolls of revelation
 g - 2 scrolls of noise
 h - 2 scrolls of vulnerability
 n - a scroll of teleportation
 o - a scroll of immolation
 p - 5 scrolls of identify
 t - 2 scrolls of enchant weapon {unknown}
 x - a scroll of blinking {unknown}
 B - a scroll of fear {unknown}
 G - a scroll of fog {unknown}
 H - 2 scrolls of amnesia {unknown}
Potions
 c - a potion of berserk rage
 d - a potion of brilliance
 l - a potion of enlightenment
 m - a potion of resistance
 r - 2 potions of might {unknown}
 w - a potion of mutation
 C - a potion of lignification
 D - 2 potions of haste


   Skills:
 - Level 1.5 Dodging
 - Level 2.1 Stealth
 + Level 7.2 Spellcasting
 * Level 11.7 Conjurations
 - Level 0.7 Transmutations
 + Level 9.8 Earth Magic


You had 4 spell levels left.
You knew the following spells:

 Your Spells              Type           Power      Damage    Failure   Level
a - Sandblast             Erth           100%       2d20      1%          1
b - Stone Arrow           Conj/Erth      100%       3d13      1%          3
c - Lee's Rapid Deconstr  Erth           28%        3d15*     4%          5
d - Iskenderun's Mystic   Conj/Tloc      39%        2d9       6%          4
e - Fulminant Prism       Conj/Hex       19%        3d10      6%          4
f - Passwall              Tmut/Erth      30%        N/A       2%          2

Your spell library contained the following spells:

 Spells                   Type           Power      Damage    Failure   Level
 Poisonous Vapours        Pois/Air       18%        N/A       10%         2
 Apportation              Tloc           18%        N/A       7%          1
 Necrotise                Necr           36%        1d5       7%          1
 Summon Small Mammal      Summ           36%        N/A       7%          1
 Petrify                  Tmut/Erth      36%        N/A       8%          4
 Leda's Liquefaction      Hex/Erth       17%        N/A       9%          4
 Ensorcelled Hibernation  Hex/Ice        28%        N/A       10%         2
 Spider Form              Tmut/Pois      11%        N/A       14%         3
 Call Canine Familiar     Summ           9%         N/A       16%         3
 Portal Projectile        Hex/Tloc       18%        N/A       16%         3
 Volatile Blastmotes      Fire/Tloc      18%        2d11      16%         3
 Anguish                  Hex/Necr       4%         N/A       38%         4


Dungeon Overview and Level Annotations

Branches:
Dungeon (8/15)             Temple (0/1) D:5
   Lair: D:8-11

Altars:
Ashenzari
Sif Muna
Vehumet

Annotations:
D:8 4 runed translucent doors


Innate Abilities, Weirdness & Mutations

You are immune to sickness and miasma.
Your stone body is resilient. (AC +7)
You are immune to poison.
You resist negative energy. (rN+)
You are resistant to electric shocks. (rElec)
You are resistant to unholy torment.
You are immune to petrification.
You are clumsy. (Dex -2)
You are strong-willed. (Will+)


Message History

Aiming: Stone Arrow (safe; 1% risk of failure)
Press: ? - help, Shift-Dir - straight line, f - death knight
Aim: a death knight, wielding a +0 halberd and wearing a +0 chain mail (reflecting injuries, 78% to hit)
The stone arrow hits the death knight!
The death knight is moderately wounded.
The death knight reflects your damage back at you!
Unknown command.
Casting: Stone Arrow (safe; 1% risk of failure)
Confirm with . or Enter, or press ? or * to list all spells.
Aiming: Stone Arrow (safe; 1% risk of failure)
Press: ? - help, Shift-Dir - straight line, f/p - death knight
Aim: a death knight, wielding a +0 halberd and wearing a +0 chain mail (moderately wounded, reflecting injuries, 78% to hit)
The stone arrow hits the death knight!!
The death knight is heavily wounded.
The death knight reflects your damage back at you!
The death knight barely misses you.
Unknown command.
Casting: Stone Arrow (safe; 1% risk of failure)
Confirm with . or Enter, or press ? or * to list all spells.
Aiming: Stone Arrow (safe; 1% risk of failure)
Press: ? - help, Shift-Dir - straight line, f/p - death knight
Aim: a death knight, wielding a +0 halberd and wearing a +0 chain mail (heavily wounded, reflecting injuries, 78% to hit)
The stone arrow hits the death knight!
The death knight is severely wounded.
The death knight reflects your damage back at you!
The death knight mumbles some strange prayers to Yredelemnul against you.
You resist with some effort.
Unknown command.
Casting: Stone Arrow (safe; 1% risk of failure)
Confirm with . or Enter, or press ? or * to list all spells.
Aiming: Stone Arrow (safe; 1% risk of failure)
Press: ? - help, Shift-Dir - straight line, f/p - death knight
Aim: a death knight, wielding a +0 halberd and wearing a +0 chain mail (severely wounded, reflecting injuries, 78% to hit)
The stone arrow hits the death knight!
The death knight is almost dead.
The death knight reflects your damage back at you!
* * * LOW HITPOINT WARNING * * *
The death knight hits you from afar with a +0 halberd!!
Ouch! That really hurt!
You die...

.## #.................. .#
####.#.#....########## .#
#.........### #.... .########
#....###..# #..##
.##.....####....###..###### #..##
.##.###...).)>............# #....
......#.####.).p####.####.# #>###
..####.......##.####.# ##.###.###
.....#.........<@....###.........
.....#..........##.....#.........
.....##.#####...##.......######..
.....##.# #...##......##....###
.....##.# ######......#.#.##.##
..##....#### #......#)#..####
..##.#.#...### #......#.###..##
.............# #......#.#.##|##
....†.##.....# #......##)#.####


You could see a death knight (reflects damage).

Vanquished Creatures
  Pikel (D:7)
  A cyclops (D:8)
  Maggie (D:7)
  Sigmund (D:2)
  A yak (D:8)
  A wyvern (D:8)
  Eustachio (D:5)
  Menkaure (D:7)
  Edmund (D:5)
  3 water moccasins (D:7)
  3 orc warriors
  3 black bears
  2 sky beasts
  An ice beast (D:5)
  2 ogres (D:5)
  2 phantoms
  A centaur (D:7)
  A kobold brigand (D:8)
  2 bullfrogs
  3 scorpions
  A gnoll sergeant (D:8)
  4 howler monkeys (D:8)
  3 hounds
  8 orc priests
  A jelly (D:5)
  2 iguanas
  Natasha (D:2)
  7 orc wizards
  7 adders
  12 gnolls
  2 shadow imps
  2 white imps
  2 ufetubi (D:5)
  2 worms
  2 dart slugs
  20 orcs
  2 endoplasms
  6 giant cockroaches
  4 goblins
  10 hobgoblins
  2 jackals (D:3)
  8 kobolds
  2 quokkas
  6 ball pythons
  3 bats
  3 frilled lizards
  3 rats
157 creatures vanquished.

Notes
Turn   | Place    | Note
-------+----------+-------------------------------------------
     0 | D:1      | ders the Gargoyle Earth Elementalist began the quest for
                  | the Orb.
     0 | D:1      | Reached XP level 1. HP: 10/10 MP: 3/3
   222 | D:1      | Reached skill level 1 in Conjurations
   248 | D:1      | Reached XP level 2. HP: 15/15 MP: 3/5
   519 | D:1      | Reached XP level 3. HP: 19/19 MP: 4/6
   523 | D:1      | Learned a level 3 spell: Stone Arrow
   737 | D:1      | Reached skill level 2 in Conjurations
  1742 | D:2      | Reached XP level 4. HP: 24/24 MP: 5/7
  1763 | D:2      | Upgraded the game from 0.31-a0-174-g85c54bcb58 to
                  | 0.31-a0-182-gc5ef74bbde
  1827 | D:2      | Noticed Sigmund
  1840 | D:2      | Killed Sigmund
  1841 | D:2      | Reached skill level 4 in Conjurations
  1841 | D:2      | Reached skill level 5 in Earth Magic
  1841 | D:2      | Reached XP level 5. HP: 6/28 MP: 0/9
  1841 | D:2      | Reached XP level 6. HP: 7/32 MP: 0/10
  1957 | D:2      | Found a broken altar of Ashenzari.
  2224 | D:2      | Noticed Natasha
  2228 | D:2      | Killed Natasha
  3114 | D:3      | Found a radiant altar of Vehumet.
  3125 | D:3      | Became a worshipper of Vehumet
  3204 | D:3      | Found a shimmering blue altar of Sif Muna.
  4176 | D:4      | Reached skill level 5 in Conjurations
  4309 | D:4      | Reached XP level 7. HP: 30/36 MP: 5/12
  5012 | D:5      | Entered Level 5 of the Dungeon
  5014 | D:5      | Noticed Edmund
  5025 | D:5      | Killed Edmund
  5026 | D:5      | Reached skill level 6 in Conjurations
  5384 | D:5      | Reached XP level 8. HP: 41/41 MP: 6/14
  5447 | D:5      | Found a staircase to the Ecumenical Temple.
  5449 | D:5      | Reached * piety under Vehumet
  5449 | D:5      | Offered knowledge of Foxfire by Vehumet.
  5497 | D:5      | Noticed Eustachio
  5504 | D:5      | Killed Eustachio
  5505 | D:5      | Reached skill level 7 in Conjurations
  6021 | D:5      | Reached skill level 5 in Spellcasting
  6098 | D:5      | Reached skill level 8 in Conjurations
  6751 | D:6      | Reached XP level 9. HP: 41/45 MP: 0/17
  7103 | D:6      | Gained mutation: You are strong-willed. (Will+) [potion of
                  | mutation]
  7103 | D:6      | Gained mutation: You are clumsy. (Dex -2) [potion of
                  | mutation]
  7636 | D:7      | Reached skill level 9 in Conjurations
  7684 | D:7      | Noticed Maggie
  7692 | D:7      | Killed Maggie
  8233 | D:7      | Reached skill level 10 in Conjurations
  8389 | D:7      | Noticed Menkaure
  8391 | D:7      | Killed Menkaure
  8672 | D:7      | Reached ** piety under Vehumet
  8716 | D:7      | Noticed Pikel
  8719 | D:7      | Killed Pikel
  8720 | D:7      | Reached XP level 10. HP: 50/50 MP: 14/20
  8894 | D:8      | Learned a level 5 spell: Lee's Rapid Deconstruction
  8899 | D:8      | Learned a level 4 spell: Iskenderun's Mystic Blast
  8904 | D:8      | Learned a level 4 spell: Fulminant Prism
  8907 | D:8      | Learned a level 2 spell: Passwall
  8932 | D:8      | Offered knowledge of Poisonous Vapours by Vehumet.
  8946 | D:8      | Reached skill level 11 in Conjurations
  9072 | D:8      | Found a large runed translucent door.
  9072 | D:8      | Found a large runed translucent door.
  9075 | D:8      | Found a large runed translucent door.
  9075 | D:8      | Found a large runed translucent door.
  9753 | D:8      | Noticed a death knight
 10007 | D:8      | Noticed a cyclops
 10011 | D:8      | Killed a cyclops
 10019 | D:8      | Found the crystal ball of Wucad Mu {*channel}
 10193 | D:8      | Identified the staff "Gram" {rPois rF+ Int+4 Poison}
 10223 | D:8      | Annihilated by a death knight

Illustrated notes

Levels and vault maps discovered:
D:1:      lemuel_arrival_funnel, layout_basic, st_stairs_8,
          chequers_mini_garden, minmay_cupped
D:2:      layout_loops_corners, serial_forest, infiniplex_forest_straight_3,
          infiniplex_forest_corner_1, infiniplex_forest_lined_room_,
          infiniplex_forest_clump_curved, infiniplex_forest_3_way, basic_altar,
          minmay_pentomino_o4, uniq_sigmund, uniq_natasha
D:3:      layout_basic, mainiacjoe_overflow_catch_the_wave, nrook_loot_triangle
D:4:      cheibrodos_pilgrimage, layout_gridville
D:5:      minmay_inner_zag, layout_basic, minmay_temple_entry_trees,
          nicolae_sextant, minmay_fountain_box, hangedman_minor_gate_pass,
          uniq_eustachio, uniq_edmund
D:6:      layout_loops_cross, minmay_circle_x
D:7:      layout_cave_pods, grunt_ministairs_11, uniq_pikel, uniq_menkaure,
          uniq_maggie
D:8:      layout_basic, minmay_hollow_rounded_squares

Skill      XL: |  1  2  3  4  5  6  7  8  9 10 |
---------------+-------------------------------+-----
Conjurations   | 1 2 4 5 6 8 10 11 | 11.7
Earth Magic    | 4 5 6 7 9 |  9.8
Spellcasting   | 3 4 5 6 7 |  7.2
Dodging        | |  1.5
Stealth        | |  2.1
Transmutations | |  0.7

Action                     |  1- 3 |  4- 6 |  7- 9 | 10-12 || total
---------------------------+-------+-------+-------+-------++-------
  Melee: Unarmed           |     7 |       |    17 |       ||    24
         Staff             |       |       |     2 |     6 ||     8
   Cast: Sandblast         |    36 |    65 |    62 |    26 ||   189
         Stone Arrow       |       |     3 |    61 |    39 ||   103
    Use: Potion            |       |     1 |     8 |     4 ||    13
         Scroll            |       |     5 |       |     2 ||     7
   Stab: Sleeping          |       |       |       |     1 ||     1
 Armour: Robe              |     6 |     5 |    34 |    14 ||    59
         Skin              |       |       |    21 |       ||    21
  Dodge: Dodged            |    15 |    11 |    34 |    19 ||    79

Table legend: (Time is in decaauts)
 A = Elapsed time spent in this place.
 B = Non-inter-level travel time spent in this place.
 C = Inter-level travel time spent in this place.
 D = Time resting spent in this place.
 E = Time spent auto-exploring this place.
 F = Levels seen in this place.
 G = Mean time per level.
                   A        B        C        D        E       F      G
               +--------+--------+--------+--------+--------+-----+--------+
         Total |  10287 |   9978 |    309 |   1435 |   7581 |   8 | 1285.9 |
       Dungeon |  10287 |   9978 |    309 |   1435 |   7581 |   8 | 1285.9 |
               +--------+--------+--------+--------+--------+-----+--------+

Top non-repeatable levels by time:
     D:5: 1715 daAuts
     D:2: 1524 daAuts
     D:8: 1363 daAuts
     D:1: 1273 daAuts
     D:7: 1224 daAuts
     D:3: 1149 daAuts
     D:4: 1119 daAuts
     D:6: 919 daAuts
